 Dungeon Crawl Stone Soup version 0.28-a0-1382-g92835e5c71 (webtiles) character file.

Game seed: 5141928115255347870

134 rogsnak the Gusty (level 4, 0/45 HPs)
             Began as a Demonspawn Air Elementalist on Jan 1, 2022.
             Succumbed to a scorpion's poison
             ... on level 3 of the Dungeon.
             The game lasted 00:04:41 (3387 turns).

rogsnak the Gusty (Demonspawn Air Elementalist)     Turns: 3387, Time: 00:04:42

Health: 0/45       AC: 22    Str:  9    XL:     4   Next: 95%
Magic:  1/8        EV:  2    Int: 18    God:
Gold:   94         SH:  0    Dex: 13    Spells: 0/8 levels left

rFire   . . .      SeeInvis .   l - staff of air
rCold   . . .      Faith    .   (no shield)
rNeg    . . .      Spirit   .   (armour currently unavailable)
rPois   +          Reflect  .   (helmet currently unavailable)
rElec   +          Harm     .   (cloak currently unavailable)
rCorr   .          Rampage  .   (gloves currently unavailable)
Will    .....      NoTele   +   (boots currently unavailable)
Stlth   ++........              (no amulet)
HPRegen 0.15/turn               (no ring)
MPRegen 0.11/turn               (no ring)

@: lethally poisoned (0 -> -5), tree-form, invisible
A: stationary, stasis, torment immunity, boosted hp, rugged brown scales 1, foul
stench 1
a: no special abilities


You were on level 3 of the Dungeon.
You were a tree.
You visited 1 branch of the dungeon, and saw 3 of its levels.

You collected 94 gold pieces.

Inventory:

Hand Weapons
 c - a +2 dagger of draining
Missiles
 i - 13 poisoned darts
Armour
 a - a +0 robe (melded)
 h - a +2 hat (melded)
Magical Staves
 l - a staff of air (weapon)
Scrolls
 d - a scroll of fog {unknown}
 e - a scroll of summoning {unknown}
 f - a scroll of noise {unknown}
 g - a scroll of identify {unknown}
 j - a scroll of magic mapping {unknown}
 m - a scroll of holy word {unknown}


   Skills:
 + Level 0.1 Fighting
 - Level 0.2 Short Blades
 + Level 2.3 Dodging
 - Level 1.7 Stealth
 + Level 2.8 Spellcasting
 * Level 2.6 Conjurations
 + Level 3.5 Air Magic


You couldn't memorise any spells.
You knew the following spells:

 Your Spells              Type           Power      Damage    Failure   Level
a - Shock                 Conj/Air       80%        1d8       4%          1
b - Swiftness             Air            23%        N/A       12%         3
c - Airstrike             Air            11%        N/A       36%         4

Your spell library contained the following spells:

 Spells                   Type           Power      Damage    Failure   Level
 Static Discharge         Conj/Air       20%        N/A       7%          2
 Summon Small Mammal      Summ           8%         N/A       17%         1
 Call Canine Familiar     Summ           2%         N/A       45%         3
 Summon Guardian Golem    Hex/Summ       2%         N/A       45%         3
 Sticky Flame             Conj/Fire      7%         2d3       67%         4
 Dispel Undead            Necr           2%         3d7       86%         4


Dungeon Overview and Level Annotations

Branches:
Dungeon (3/15)

Altars:
Yredelemnul

Shops:
D:2 (

Annotations:
D:3 Grinder


Innate Abilities, Weirdness & Mutations

You are a tree.
Your roots penetrate the ground, keeping you stationary.
You cannot be teleported.
You are immune to unholy pain and torment.
Your maximum health is greatly increased.
Your equipment is partially melded.
(You are partially covered in rugged brown scales. (AC +1, +3% HP))
You may rarely emit foul miasma when damaged in melee.


Message History

Confirm with . or Enter, or press ? or * to list all spells.
Aiming: Shock (safe; 5% risk of failure)
Press: ? - help, Shift-Dir - straight line You feel a surge of power!
The zap hits the scorpion.
The scorpion is severely wounded.
The zap hits the scorpion but does no damage.
The scorpion is severely wounded.
You feel very sick. The scorpion stings you!
You are lethally poisoned!
The scorpion poisons you!
You emit a cloud of foul miasma!
Casting: Shock (safe; 5% risk of failure)
Confirm with . or Enter, or press ? or * to list all spells.
Aiming: Shock (safe; 5% risk of failure)
Press: ? - help, Shift-Dir - straight line You feel a surge of power!
The zap hits the scorpion.
You kill the scorpion!
You feel very sick.
Unknown command.
There is a lethal amount of poison in your body!
There is a lethal amount of poison in your body!
* * * LOW HITPOINT WARNING * * *
You feel very sick.
It was a potion of lignification.
You turn into a tree.
Your +2 hat melds into your body.
Your +0 robe melds into your body.
Your roots penetrate the ground.
* * * LOW HITPOINT WARNING * * *
You feel very sick.
There is a lethal amount of poison in your body!
There is a lethal amount of poison in your body!
It was a potion of invisibility.
You fade into invisibility!
* * * LOW HITPOINT WARNING * * *
You feel sick.
There is a lethal amount of poison in your body!
* * * LOW HITPOINT WARNING * * *
You feel sick.
* * * LOW HITPOINT WARNING * * *
You feel sick.
You die...

##.##.#
####..##.#
..##.###.# ##
#.##.# #.# .
#.##.# #.#
#.#.##.# #.#
###.#.##.# #)#
#.....##.#
#<......♣###.#
########.....#
#.##### #.#
#.# #.# #.#
#.# #.#


There were no monsters in sight!

Vanquished Creatures
  A scorpion (D:3)
  2 worms
  5 dart slugs
  An orc (D:3)
  3 endoplasms
  2 giant cockroaches (D:2)
  5 goblins
  3 hobgoblins
  8 jackals
  8 kobolds
  2 quokkas
  5 ball pythons
  5 bats
  4 frilled lizards
  6 rats
60 creatures vanquished.

Notes
Turn   | Place    | Note
-------+----------+-------------------------------------------
     0 | D:1      | rogsnak the Demonspawn Air Elementalist began the quest for
                  | the Orb.
     0 | D:1      | Reached XP level 1. HP: 13/13 MP: 3/3
    33 | D:1      | Found a faded altar of an unknown god.
   753 | D:1      | Gained mutation: You may rarely emit foul miasma when
                  | damaged in melee. [demonic ancestry]
   753 | D:1      | Reached XP level 2. HP: 19/19 MP: 1/5
   766 | D:1      | Reached skill level 3 in Air Magic
  1178 | D:1      | Reached XP level 3. HP: 24/24 MP: 4/6
  1567 | D:2      | Found Xoupao's Weapon Emporium.
  2794 | D:3      | Gained mutation: You are partially covered in rugged brown
                  | scales. (AC +1, +3% HP) [demonic ancestry]
  2794 | D:3      | Reached XP level 4. HP: 24/30 MP: 3/7
  2906 | D:3      | Learned a level 3 spell: Swiftness
  2911 | D:3      | Learned a level 4 spell: Airstrike
  2937 | D:3      | Found a basalt altar of Yredelemnul.
  3087 | D:3      | Noticed Grinder
  3371 | D:3      | Noticed a scorpion
  3381 | D:3      | Killed a scorpion
  3385 | D:3      | HP: 2/45 [poisoned by a scorpion]
  3387 | D:3      | Succumbed to a scorpion's poison

Illustrated notes

Levels and vault maps discovered:
D:1:      minmay_arrival_diagonal_passages, layout_loops_cross,
          ebering_ecumenical_altar_hall
D:2:      layout_loops_ring, serial_shops, nicolae_shop_bloodbath_and_beyond
D:3:      minmay_octagon_keep, layout_loops_ring, kennysheep_ying_yang,
          uniq_grinder

Skill      XL: |  1  2  3  4 |
---------------+-------------+-----
Dodging        | 2 |  2.3
Air Magic      | 3 |  3.5
Conjurations   | 2 |  2.6
Fighting       | |  0.1
Short Blades   | |  0.2
Stealth        | |  1.7
Spellcasting   | |  2.8

Action                   |  1- 3 |  4- 6 || total
-------------------------+-------+-------++-------
Melee: Unarmed           |    12 |       ||    12
       Dagger            |    51 |       ||    51
       Staff             |       |     2 ||     2
 Cast: Shock             |    90 |    24 ||   114
  Use: Potion            |       |     2 ||     2
Armor: Robe              |     8 |     3 ||    11
Dodge: Dodged            |    49 |     3 ||    52

Table legend: (Time is in decaauts)
 A = Elapsed time spent in this place.
 B = Non-inter-level travel time spent in this place.
 C = Inter-level travel time spent in this place.
 D = Time resting spent in this place.
 E = Time spent auto-exploring this place.
 F = Levels seen in this place.
 G = Mean time per level.
                   A        B        C        D        E       F      G
               +--------+--------+--------+--------+--------+-----+--------+
         Total |   3386 |   3320 |     66 |    611 |   2262 |   3 | 1128.7 |
       Dungeon |   3386 |   3320 |     66 |    611 |   2262 |   3 | 1128.7 |
               +--------+--------+--------+--------+--------+-----+--------+

Top non-repeatable levels by time:
     D:1: 1518 daAuts
     D:2: 1313 daAuts
     D:3: 555 daAuts
